Unix NetHack Version 5.0.0-0 post-release - last build May  4 2026 22:22:43 (774f63e81ad911689b3a0859ea89b322d5daca8d,branch:main).

Game began 2026-05-09 00:26:05, ended 2026-05-09 04:43:38.

Gary, lawful male human Samurai

                                  -----                     #
                                  |...|     ----------     -|-----
                                  |^..+    #-.....@..|    #-(*...|
                                  |...|    #|....ad..|    #|.....-#
                    #             |...|    #|........|    #|.....|#
                   -.----         -...|    #.........|    #----|--#
                   |+.).|         |...|    #|........|    #### #  #
                   |<....         -.---     ----.-----       #    #
                   |...*|                       #########    #    #
                ###-`....                               #    #    #
                #  ----.-                              0######    #
      --+----   #                                 ---------|-#    #
      |.....| ###                                 |[))|[[[|.|###########
      |.{...| #                                   |)).|[[[|.|#    #----.--
      |..>..| #                                   |.).|..%|..#    #|.....|
      |......##                                   |-|----(-.|     #......|
      -------                                     |.).).*...|      |.....|
                                                  -----------      |.....|
                                                                   -------

Gary the Ninja         St:15 Dx:14 Co:18 In:10 Wi:7 Ch:7  Lawful S:9642
Dlvl:9  $:1456 HP:0(72) Pw:23(23) AC:-1 Xp:8/1924 T:6492  Burdened

Latest messages:
 The incubus misses!
 The incubus hits!
 The incubus hits again!
 You miss the incubus.
 The incubus hits!
 The incubus hits again!
 You miss the incubus.
 The incubus hits!
 The incubus hits again!
 You miss the incubus.
 The incubus misses!
 The incubus just misses!
 The incubus misses!
 The incubus misses!
 You miss the incubus.
 The incubus hits!
 The incubus hits again!
 You kill the incubus!
 Pick a monster, object or location.
 What do you want to put on? [fjI or ?*] f
 You are now wearing a blindfold.
 You can't see any more.
 You hit the floating eye.
 You kill the floating eye!
 You were wearing an uncursed blindfold.
 You can see again.
 You stop searching.
 Newbie bites the soldier ant.
 The soldier ant misses Newbie.
 The soldier ant stings Newbie.
 You hit the soldier ant!
 The soldier ant bites!
 The soldier ant stings!
 You miss the soldier ant.
 The soldier ant bites!
 The soldier ant misses!
 The soldier ant misses!
 The soldier ant stings!
 You miss the soldier ant.
 The soldier ant misses!
 The soldier ant stings!
 The wood nymph stole an uncursed scroll of create monster.
 The wood nymph vanishes!
 The soldier ant bites!
 The soldier ant stings!
 The soldier ant bites!
 The soldier ant stings!
 The soldier ant misses!
 The soldier ant stings!
 You die...

Inventory:
 Coins    ('$')
  $ - 1456 gold pieces
 Weapons  (')')
  d - 34 +0 ya (in quiver)
  c - a +0 yumi (alternate weapon; not wielded)
  a - a +0 katana (weapon in right hand)
  b - a +0 wakizashi
 Armor    ('[')
  l - an uncursed +0 dwarvish iron helm (being worn)
  S - a cursed -3 pair of elven boots
  K - an uncursed +0 pair of iron shoes (being worn)
  T - an uncursed +0 cloak of magic resistance (being worn)
  s - an uncursed +0 mummy wrapping
  e - an uncursed rustproof +0 splint mail (being worn)
 Comestibles  ('%')
  V - an uncursed slime mold
  W - a cursed banana
  X - a cursed carrot
  q - an uncursed cram ration
  n - 5 uncursed gunyoki
  Z - 3 cursed gunyoki
  r - 2 uncursed tripe rations
  g - 3 cursed tripe rations
 Scrolls  ('?')
  h - an uncursed scroll of destroy armor
  H - 2 uncursed scrolls of earth
  B - an uncursed scroll of enchant armor
  v - a cursed scroll of enchant armor
  x - a blessed scroll of enchant weapon
  G - a cursed scroll of enchant weapon
  L - an uncursed scroll of gold detection
  M - a blessed scroll of light
  R - an uncursed scroll of magic mapping
  J - an uncursed scroll of teleportation
 Potions  ('!')
  m - a blessed potion of extra healing
  i - an uncursed potion of paralysis
  t - an uncursed potion of sickness
  z - a blessed potion of speed
  y - an uncursed potion of water
  N - a potion of unholy water
 Rings    ('=')
  j - an uncursed ring of cold resistance
  I - an uncursed ring of slow digestion
 Wands    ('/')
  P - a wand of digging (0:5)
  D - a cursed wand of locking (0:4)
  E - a wand of magic missile (0:6)
  Q - a wand of make invisible (0:2)
  F - a cursed wand of make invisible (0:5)
  o - a wand of opening (0:4)
  u - a wand of polymorph (0:4)
  C - a wand of speed monster (0:4)
  p - a wand of undead turning (0:5)
 Tools    ('(')
  O - an empty cursed bag of holding
  Y - a frost horn (0:4)
  f - an uncursed blindfold
  k - an uncursed skeleton key
  w - an uncursed tin whistle
 Gems/Stones  ('*')
  U - 2 uncursed worthless pieces of blue glass

Gary the Samurai's attributes:

Background:
 You were a Ninja, a level 8 male human Samurai.
 You were lawful, on a mission for Amaterasu Omikami
 who was opposed by Raijin (neutral) and Susanowo (chaotic).
 You were right-handed.
 You were in the Dungeons of Doom, on level 9.
 You entered the dungeon 6492 turns ago.
 It was nighttime.
 You had 1924 experience points, 636 more were needed to attain level 9.
 Your score was 9642 before end-of-game adjustments.

Basics:
 You had 0 out of 72 hit points.
 You had all 23 energy points (spell power).
 Your armor class was -1.
 Your wallet contained 1456 zorkmids.
 Autopickup was on for '$' plus thrown.

Final Characteristics:
 Your strength was 15 (peak:18/01, limit:18/100).
 Your dexterity was 14 (limit:18).
 Your constitution was 18 (limit:18).
 Your intelligence was 10 (limit:18).
 Your wisdom was 7 (limit:18).
 Your charisma was 7 (limit:18).

Final Status:
 You weren't hungry.
 You were burdened; movement was slightly slowed.
 You were wielding a long sword.
 You were skilled in long sword and could have enhanced that.

Final Attributes:
 You were piously aligned.
 You were magic-protected.
 You were sleep resistant.
 You were telepathic.
 You were warded.
 You are dead.

Miscellaneous:
 You encountered 1 bones level.
 Total elapsed playing time was 2 hours, 32 minutes and 9 seconds.

Major events:
 Turn
    1: Gary the lawful male human Samurai entered the dungeon
  783: attained the rank of Ronin (level 3)
 1141: entered the Gnomish Mines
 1943: found Trollsbane in a shop
 2160: attained the rank of Ninja (level 6)
 3434: reached Mine Town
 6492: killed by a soldier ant

You didn't know any spells.

Skills:
 Fighting Skills
   martial arts      [Basic]
   two weapon combat [Unskilled]
   riding            [Unskilled]
 Weapon Skills
   dagger            [Unskilled]
   knife             [Unskilled]
   short sword       [Basic]
   broadsword        [Unskilled]
   long sword        [Skilled]
   two-handed sword  [Unskilled]
   saber             [Unskilled]
   flail             [Unskilled]
   quarterstaff      [Unskilled]
   polearms          [Unskilled]
   spear             [Unskilled]
   lance             [Unskilled]
   bow               [Basic]
   shuriken          [Unskilled]
 Spellcasting Skills
   attack spells     [Unskilled]
   divination spells [Unskilled]
   clerical spells   [Unskilled]

Voluntary challenges:
 Character rerolling was not enabled.
 You never genocided any monsters.
 You never polymorphed an object.
 You never changed form.
 You used no wishes.
Achievements:
 You entered a shop.
 You attained the rank of Ronin.
 You entered the Gnomish Mines.
 You attained the rank of Ninja.
 You entered Minetown.
 You entered a temple.

 The Dungeons of Doom: levels 1 to 10
    Level 1:
       A fountain.
    Level 2:
       A general store.
    Level 3:
       Stairs down to The Gnomish Mines.
    Level 4:
       A scroll shop.
    Level 5:
       A weapon shop, a sink.
    Level 6: "bones stash"
       A fountain, a sink, a grave.
    Level 7:
       Many fountains.
       Oracle of Delphi.
       Final resting place for
          yeovil-Wiz-Hum-Mal-Neu, killed by a dwarf zombie.
    Level 8:
    Level 9: <- You were here.
       Some shops, a fountain.
       Final resting place for
          you, killed by a soldier ant.
    Level 10:
       A fountain.
 The Gnomish Mines: levels 4 to 7
    Level 4:
    Level 5:
    Level 6:
    Level 7:
       Many shops, a temple and an altar, many fountains.


Vanquished creatures:
  2 small mimics
  a human mummy
  3 soldiers
 an amorous demon
  a crocodile
  a wolf
  a gremlin
  a black light
  2 vampire bats
  a gnome ruler
  a dwarf mummy
  a Green-elf
  2 ravens
  a plains centaur
  a human zombie
  2 Woodland-elves
  a quasit
  a wood nymph
  a mountain nymph
  2 Mordor orcs
  2 rock moles
  2 ponies
  a yellow light
  6 gnome leaders
  a gnomish wizard
  2 straw golems
  a baby crocodile
  a little dog
  4 floating eyes
  2 dwarves
  2 homunculi
  6 hill orcs
  2 rothes
  a rabid rat
  2 giant bats
  2 orc zombies
  a dwarf zombie
  2 werejackals
 an iguana
  7 killer bees
  a gas spore
  3 manes
  a large kobold
  a hobgoblin
  3 giant rats
  4 cave spiders
  a brown mold
  2 green molds
 34 gnomes
  a garter snake
  4 geckos
  6 jackals
  a kobold
  5 goblins
  6 sewer rats
  3 grid bugs
  a bat
  4 lichens
  a kobold zombie
  9 newts
166 creatures vanquished.

No species were genocided or became extinct.

Game over:
                       ----------
                      /          \
                     /    REST    \
                    /      IN      \
                   /     PEACE      \
                  /                  \
                  |       Gary       |
                  |     1456 Au      |
                  |   killed by a    |
                  |   soldier ant    |
                  |                  |
                  |                  |
                  |       2026       |
                 *|     *  *  *      | *
        _________)/\\_//(\/(/\)/\//\/|_)_______

Sayonara Gary the Samurai...

You died in The Dungeons of Doom on dungeon level 9 with 9497 points,
and 1456 pieces of gold, after 6492 moves.
You were level 8 with a maximum of 72 hit points when you died.

